[Event "Titled Tuesday Blitz May 2 Early 2023"]
[White "Demin, Vladimir"]
[Black "Molina, Roberto Junio Brito"]
[WhiteFideId "4167457"]
[BlackFideId "2109450"]
[WhiteElo "2430"]
[BlackElo "2376"]
[Result "0-1"]
[Round "08"]
[TimeControl "180+2"]
[Date "2023.05.02"]
[WhiteClock "0:00:01"]
[BlackClock "0:00:12"]

1. d4 d5 2. Nc3 Nf6 3. Bf4 a6 4. e3 b5 5. Nf3 e6 6. Ne5 Bb7 7. g4 Bb4 8. Bg2 Ne4 9. Bxe4 dxe4 10. O-O O-O 11. g5 Nd7 12. Nxd7 Qxd7 13. Ne2 Bd6 14. Bxd6 cxd6 15. Nf4 Qe7 16. Qg4 Rac8 17. c3 Rc7 18. a3 f5 19. gxf6 Rxf6 20. Kh1 e5 21. dxe5 dxe5 22. Nh5 Rg6 23. Qe2 Qh4 24. Rg1 Rh6 25. Rg2 Qxh5 26. Qd2 Qe8 27. Rag1 Rf6 28. a4 bxa4 29. Qc2 g6 30. Qb1 Kg7 31. Qa2 Bc6 32. Qc4 a5 33. Qc5 Rcf7 34. Qxa5 Rxf2 35. Rg5 R2f5 36. R5g3 Qe6 37. Qc5 Qd5 38. Qb6 R5f6 39. Qa6 Qd3 40. Qa5 Rf5 41. Qc5 Qd5 42. Qb6 Rf1 43. Qa6 Rxg1+ 44. Rxg1 Bb5 45. Qb6 Be2 46. Kg2 Qd7 47. Kg3 Qg4# 0-1


[Site "https://www.chess.com"]

[Event "Titled Tuesday Blitz May 2 Early 2023"]
[White "Gabrielian, Artur"]
[Black "Karamsetty, Jeevan"]
[WhiteFideId "4131002"]
[BlackFideId "2025337"]
[WhiteElo "2432"]
[BlackElo "2111"]
[Result "1-0"]
[Round "08"]
[TimeControl "180+2"]
[Date "2023.05.02"]
[WhiteClock "0:01:25"]
[BlackClock "0:00:09"]

1. d4 g6 2. c4 Bg7 3. Nc3 d6 4. e4 e5 5. d5 a5 6. Bd3 Na6 7. h3 Bd7 8. Nge2 Qh4 9. g3 Qe7 10. Be3 f5 11. Qd2 Nf6 12. f3 O-O 13. g4 f4 14. Bf2 g5 15. h4 h6 16. O-O-O c6 17. Kb1 Nb4 18. a3 Nxd3 19. Qxd3 cxd5 20. cxd5 b5 21. Nxb5 Rab8 22. Nec3 Rfc8 23. Rc1 Ne8 24. hxg5 hxg5 25. a4 Nc7 26. Nxc7 Rxc7 27. Nb5 Rcb7 28. Rc6 Bxc6 29. dxc6 Rc7 30. Qd5+ Kf8 31. Rh7 Rcc8 32. Nxd6 Rd8 33. Bc5 1-0


[Site "https://www.chess.com"]

[Event "Titled Tuesday Blitz May 2 Early 2023"]
[White "Jaskolka, Tomasz"]
[Black "Vakhlamov, Igor L."]
[WhiteFideId "1170791"]
[BlackFideId "24126748"]
[WhiteElo "2155"]
[BlackElo "2400"]
[Result "1/2-1/2"]
[Round "08"]
[TimeControl "180+2"]
[Date "2023.05.02"]
[WhiteClock "0:00:02"]
[BlackClock "0:00:25"]

1. d4 d5 2. Bf4 Nf6 3. e3 Bf5 4. c4 e6 5. Nc3 Bb4 6. Qb3 Nc6 7. Nf3 O-O 8. Be2 Bxc3+ 9. bxc3 Na5 10. Qa4 c6 11. c5 b5 12. Qb4 Nc4 13. Ne5 a5 14. Qb3 Qc8 15. f3 Nh5 16. g4 Nxf4 17. exf4 Bg6 18. Bxc4 bxc4 19. Qa4 Ra6 20. O-O f6 21. Nxg6 hxg6 22. Rab1 Qc7 23. Qc2 f5 24. Qd2 Raa8 25. Rb6 fxg4 26. fxg4 Rf6 27. Kg2 Raf8 28. Qe3 a4 29. h4 Rxf4 30. Rxf4 Rxf4 31. Qxe6+ Kh7 32. Rxc6 Rxg4+ 33. Qxg4 Qxc6 34. Qf4 a3 35. Qd6 Qb5 36. c6 Qb2+ 37. Kf1 Qb1+ 38. Ke2 Qxa2+ 39. Ke3 Qb2 40. c7 Qxc3+ 41. Ke2 Qd3+ 42. Kf2 Qxd4+ 43. Kg2 Qe4+ 44. Kf2 Qxh4+ 45. Kf3 Qe4+ 46. Kf2 Qf5+ 47. Kg2 a2 48. Qa6 Qg4+ 49. Kf2 Qf4+ 50. Kg2 Qxc7 51. Qxa2 Qf4 52. Kh3 Qf5+ 53. Kg2 c3 54. Qf2 Qxf2+ 55. Kh1 c2 1/2-1/2


[Site "https://www.chess.com"]

[Event "Titled Tuesday Blitz May 2 Early 2023"]
[White "Preotu, Razvan"]
[Black "Karttunen, Mika"]
[WhiteFideId "2613280"]
[BlackFideId "502081"]
[WhiteElo "2407"]
[BlackElo "2396"]
[Result "0-1"]
[Round "08"]
[TimeControl "180+2"]
[Date "2023.05.02"]
[WhiteClock "0:00:01"]
[BlackClock "0:00:15"]

1. e4 c5 2. Nf3 d6 3. d4 cxd4 4. Nxd4 Nf6 5. Nc3 a6 6. Be3 e5 7. Nb3 Be6 8. h3 Be7 9. Qf3 Nbd7 10. g4 h6 11. O-O-O Rc8 12. Nd5 Bxd5 13. exd5 e4 14. Qg2 Qc7 15. Nd4 Ne5 16. Kb1 Nf3 17. c3 Nxd5 18. Bc1 Bf6 19. Nb5 Nxc3+ 20. Nxc3 Bxc3 21. bxc3 Qxc3 22. Bd3 Rc6 23. Bb2 Rb6 0-1


[Site "https://www.chess.com"]

[Event "Titled Tuesday Blitz May 2 Early 2023"]
[White "Kvaloy, Aksel Bu"]
[Black "Ibadov, Dashgyn"]
[WhiteFideId "1528815"]
[BlackFideId "24107514"]
[WhiteElo "2208"]
[BlackElo "2208"]
[Result "0-1"]
[Round "08"]
[TimeControl "180+2"]
[Date "2023.05.02"]
[WhiteClock "0:00:11"]
[BlackClock "0:02:12"]

1. e4 e6 2. d4 d5 3. Nc3 Nf6 4. e5 Nfd7 5. f4 c5 6. Nf3 Nc6 7. Be3 cxd4 8. Nxd4 Bc5 9. Qd2 O-O 10. O-O-O a6 11. h4 Nxd4 12. Bxd4 b5 13. h5 b4 14. Ne2 a5 15. h6 g6 16. Bxc5 Nxc5 17. Nd4 Ba6 18. Bd3 Qb6 19. Bxa6 Rxa6 20. Kb1 a4 21. g4 a3 22. f5 axb2 23. fxg6 Qa5 24. gxh7+ Kh8 25. a4 Qxa4 26. c4 Qa2+ 27. Kc2 b1=Q# 0-1


[Site "https://www.chess.com"]

[Event "Titled Tuesday Blitz May 2 Early 2023"]
[White "Colas, Joshua"]
[Black "Rodchenkov, Sergey D."]
[WhiteFideId "2044447"]
[BlackFideId "4168712"]
[WhiteElo "2347"]
[BlackElo "2277"]
[Result "1-0"]
[Round "08"]
[TimeControl "180+2"]
[Date "2023.05.02"]
[WhiteClock "0:00:07"]
[BlackClock "0:00:06"]

1. Nf3 d5 2. c4 dxc4 3. e3 Nf6 4. Bxc4 e6 5. O-O c5 6. b3 a6 7. Bb2 Nbd7 8. d4 Be7 9. dxc5 Bxc5 10. Nc3 O-O 11. Qe2 b5 12. Bd3 Bb7 13. Rfd1 Rc8 14. Rac1 Qe7 15. a4 b4 16. Nb1 a5 17. Nbd2 e5 18. Ba6 Bxa6 19. Qxa6 e4 20. Nd4 Qe5 21. Nc4 Qh5 22. Qxa5 Qh4 23. h3 Qh5 24. Rd2 g5 25. Ne2 g4 26. Nf4 Qh6 27. Qa6 Qg5 28. Rcd1 g3 29. Bd4 gxf2+ 30. Rxf2 Bxd4 31. Rxd4 Nc5 32. Qd6 Nxb3 33. Rd1 Nc5 34. Nd5 Nxd5 35. Rxd5 Qg6 36. Rf6 Qg7 37. Qf4 Ne6 38. Qf5 Rxc4 39. Rd7 Rc1+ 40. Kh2 Rc7 41. Rd1 Rc5 42. Qf2 Rg5 43. a5 h5 44. Rd7 Rxa5 45. Rxe6 fxe6 46. Rxg7+ Kxg7 47. Qb2+ Kg6 48. Qxb4 Raf5 49. Qe7 R8f7 50. Qxe6+ R7f6 51. Qxe4 Kg7 52. Qe7+ Kh6 53. e4 Rf2 54. e5 R6f5 55. e6 Re5 56. Qd6 Ree2 57. e7+ Kg7 58. Qd4+ Kg6 59. Qxf2 Rxf2 60. e8=Q+ Rf7 61. Qe4+ Rf5 62. g4 hxg4 63. hxg4 Kh6 64. Qxf5 Kg7 65. g5 Kh8 66. Qf6+ Kg8 67. Qg6+ Kh8 68. Qh6+ Kg8 69. Kg3 Kf7 70. Qh7+ 1-0


[Site "https://www.chess.com"]

[Event "Titled Tuesday Blitz May 2 Early 2023"]
[White "Garv Gaur"]
[Black "Lavrik, Dmitry"]
[WhiteFideId "45030839"]
[BlackFideId "24113190"]
[WhiteElo "2068"]
[BlackElo "2345"]
[Result "1-0"]
[Round "08"]
[TimeControl "180+2"]
[Date "2023.05.02"]
[WhiteClock "0:00:36"]
[BlackClock "0:00:20"]

1. Nf3 d5 2. d4 Nf6 3. c4 c6 4. g3 dxc4 5. Bg2 e6 6. Ne5 Nbd7 7. Nxc4 Nb6 8. Ne5 c5 9. Nf3 cxd4 10. Qxd4 Qxd4 11. Nxd4 Bb4+ 12. Bd2 Bxd2+ 13. Nxd2 Ke7 14. N2f3 Bd7 15. Ne5 Nbd5 16. O-O Rhc8 17. Rfc1 Be8 18. a3 Kd6 19. Nd3 Ke7 20. Kf1 g6 21. Ke1 Rab8 22. b4 Nc3 23. Nc5 Ncd5 24. e4 Nb6 25. a4 e5 26. Ndb3 Nbd7 27. a5 b6 28. Na6 Rxc1+ 29. Rxc1 Rd8 30. Nc7 bxa5 31. Nxa5 Nb6 32. Rc5 Rd4 33. Rxe5+ Kd6 34. Nxe8+ Kxe5 35. Nc6+ Ke6 36. Nxd4+ 1-0


[Site "https://www.chess.com"]

[Event "Titled Tuesday Blitz May 2 Early 2023"]
[White "Jovic, Stanoje"]
[Black "Prohaszka, Peter"]
[WhiteFideId "905020"]
[BlackFideId "726265"]
[WhiteElo "2236"]
[BlackElo "2626"]
[Result "1-0"]
[Round "08"]
[TimeControl "180+2"]
[Date "2023.05.02"]
[WhiteClock "0:00:07"]
[BlackClock "0:00:02"]

1. c4 e6 2. g3 d5 3. Bg2 Nf6 4. Nf3 c5 5. cxd5 exd5 6. O-O Nc6 7. d4 Be7 8. dxc5 Bxc5 9. a3 a5 10. b3 O-O 11. Bb2 d4 12. Nbd2 Re8 13. Rc1 Ba7 14. Re1 Bf5 15. Nc4 Rc8 16. h3 h6 17. g4 Bh7 18. e3 b5 19. exd4 Rxe1+ 20. Nxe1 bxc4 21. d5 Ne7 22. Bxf6 gxf6 23. Rxc4 Bc5 24. Qf3 Ng6 25. Qc3 Nf4 26. Bf3 Qe7 27. b4 axb4 28. axb4 Re8 29. bxc5 Qxe1+ 30. Qxe1 Rxe1+ 31. Kh2 Bd3 32. Rc3 Be4 33. Bxe4 Rxe4 34. d6 Ne6 35. c6 Rd4 36. c7 Nxc7 37. dxc7 1-0


[Site "https://www.chess.com"]

[Event "Titled Tuesday Blitz May 2 Early 2023"]
[White "Pujari, Rucha"]
[Black "Borgaonkar Akshay"]
[WhiteFideId "5024528"]
[BlackFideId "25639110"]
[WhiteElo "2129"]
[BlackElo "2063"]
[Result "0-1"]
[Round "08"]
[TimeControl "180+2"]
[Date "2023.05.02"]
[WhiteClock "0:00:03"]
[BlackClock "0:00:48"]

1. d4 g6 2. c4 Bg7 3. Nf3 Nf6 4. g3 c5 5. d5 O-O 6. Nc3 d6 7. Bg2 e6 8. O-O exd5 9. cxd5 Re8 10. Bf4 Ne4 11. Nxe4 Rxe4 12. b3 Bg4 13. h3 Bxf3 14. Bxf3 Rxf4 15. gxf4 Bxa1 16. Qxa1 Nd7 17. e3 b5 18. Kh2 a5 19. Rg1 a4 20. Qb2 axb3 21. axb3 Qf6 22. Qxf6 Nxf6 23. e4 Nd7 24. Bg4 Nf6 25. e5 dxe5 26. fxe5 Nxg4+ 27. hxg4 Ra2 28. Rd1 Kf8 29. Kg3 Rb2 30. Rd3 c4 31. bxc4 bxc4 32. Rd4 c3 33. Rc4 Rb5 34. d6 Ke8 35. Kf4 h6 36. Rxc3 Rb4+ 37. Kg3 Rd4 38. Rc7 f6 39. exf6 Rxd6 40. f7+ Kf8 41. f4 Rd3+ 42. Kh4 Kg7 0-1


[Site "https://www.chess.com"]

[Event "Titled Tuesday Blitz May 2 Early 2023"]
[White "Djokic, Mihailo"]
[Black "Bychkov, Vladimir"]
[WhiteFideId "976440"]
[BlackFideId "24151513"]
[WhiteElo "2294"]
[BlackElo "2224"]
[Result "1-0"]
[Round "08"]
[TimeControl "180+2"]
[Date "2023.05.02"]
[WhiteClock "0:01:11"]
[BlackClock "0:00:40"]

1. e4 c6 2. d4 d5 3. e5 Bf5 4. h4 h5 5. Bg5 Qa5+ 6. Nd2 Nd7 7. c3 e6 8. Ne2 Ne7 9. Ng3 Bg6 10. Be2 f6 11. exf6 gxf6 12. Be3 O-O-O 13. Bxh5 e5 14. Bxg6 Nxg6 15. h5 Nf4 16. Bxf4 exf4 17. Nf5 Qa6 18. Qe2 Qb6 19. O-O-O a5 20. a4 Bh6 21. Kc2 Rde8 22. Nd6+ Kd8 23. Nxe8 Rxe8 24. Qd3 f3 25. Nxf3 Re4 26. Nd2 Rg4 27. g3 c5 28. dxc5 Qxc5 29. f4 f5 30. Nb3 Qf2+ 31. Rd2 Qxg3 32. Qxd5 Rg7 33. Nc5 Bxf4 34. Ne6+ Kc8 35. Qc4+ Kb8 36. Nxf4 Ne5 37. Qd4 Nf3 38. Qd8+ Ka7 39. Qxa5+ 1-0


[Site "https://www.chess.com"]

[Event "Titled Tuesday Blitz May 2 Early 2023"]
[White "Manukyan, Artyom"]
[Black "Baskin, Robert"]
[WhiteFideId "13305786"]
[BlackFideId "24662402"]
[WhiteElo "2078"]
[BlackElo "2472"]
[Result "1-0"]
[Round "08"]
[TimeControl "180+2"]
[Date "2023.05.02"]
[WhiteClock "0:00:15"]
[BlackClock "0:00:07"]

1. e4 c5 2. Nc3 Nc6 3. Bb5 Nd4 4. Nf3 a6 5. Bd3 g6 6. Rb1 Nc6 7. a3 Bg7 8. O-O d6 9. h3 e6 10. b4 b5 11. Be2 Nge7 12. Bb2 O-O 13. Re1 e5 14. Ba1 h6 15. Nd5 Nxd5 16. exd5 Nd4 17. Nxd4 cxd4 18. c3 Bf5 19. Rc1 d3 20. Bf1 h5 21. Re3 e4 22. f3 Bh6 23. Rxe4 Bxe4 24. fxe4 Qg5 25. Bxd3 Qxd2 26. Qxd2 Bxd2 27. Rd1 Bf4 28. c4 bxc4 29. Bxc4 Rfc8 30. Bf1 Rc1 31. Rxc1 Bxc1 32. a4 Bd2 33. b5 a5 34. e5 Bb4 35. exd6 Bxd6 36. Bd4 Re8 37. Bd3 Bg3 38. Bf2 h4 39. Kf1 Rc8 40. Be3 Rc3 41. Ke2 Rb3 42. b6 Bd6 43. Bb5 Kf8 44. b7 Bb8 45. Bc5+ Kg7 46. d6 Kf6 47. d7 Rb2+ 48. Kd3 Bc7 49. b8=Q Bxb8 50. d8=Q+ 1-0


[Site "https://www.chess.com"]

[Event "Titled Tuesday Blitz May 2 Early 2023"]
[White "Principe, Gerson"]
[Black "Arkell, Keith C"]
[WhiteFideId "3804550"]
[BlackFideId "400270"]
[WhiteElo "2229"]
[BlackElo "2319"]
[Result "0-1"]
[Round "08"]
[TimeControl "180+2"]
[Date "2023.05.02"]
[WhiteClock "0:00:01"]
[BlackClock "0:00:23"]

1. d4 e6 2. Nf3 Nf6 3. c4 Bb4+ 4. Bd2 Bxd2+ 5. Qxd2 d6 6. g3 Qe7 7. Bg2 e5 8. O-O O-O 9. Nc3 c6 10. Rfd1 Bg4 11. dxe5 dxe5 12. Qd6 Qxd6 13. Rxd6 Bxf3 14. Bxf3 Nbd7 15. Rad1 Nc5 16. b4 Ne6 17. e3 Rfd8 18. b5 Rxd6 19. Rxd6 cxb5 20. cxb5 Rb8 21. Ne4 Nxe4 22. Bxe4 Nc5 23. Bf3 b6 24. Bd5 Kf8 25. Rc6 Ke7 26. e4 Rd8 27. Rc7+ Rd7 28. Rc8 h5 29. h4 Kf6 30. Rh8 g6 31. Ra8 Nd3 32. a3 Rc7 33. Bc6 Nb2 34. Rd8 Nc4 35. Rd3 a5 36. Kg2 Ke7 37. f4 f6 38. Kf3 Nd6 39. Rd5 Ke6 40. Rd3 Rc8 41. g4 hxg4+ 42. Kxg4 exf4 43. Kxf4 Rh8 44. Kg4 Rh5 45. Bd5+ Ke7 46. a4 Re5 47. Kf4 Rh5 48. Kg4 Rh8 49. Rc3 Kd7 50. Rc6 Rb8 51. Rc3 Rc8 52. Bc6+ Ke6 53. Rd3 Rc7 54. Kf4 Rh7 55. Kg4 Ke7 56. Bd5 f5+ 57. exf5 Nxf5 58. h5 Rxh5 59. Rc3 Nh6+ 0-1


[Site "https://www.chess.com"]

[Event "Titled Tuesday Blitz May 2 Early 2023"]
[White "Srebrnic, Marko"]
[Black "Girish, A. Koushik"]
[WhiteFideId "14603616"]
[BlackFideId "5038448"]
[WhiteElo "2341"]
[BlackElo "2398"]
[Result "0-1"]
[Round "08"]
[TimeControl "180+2"]
[Date "2023.05.02"]
[WhiteClock "0:00:08"]
[BlackClock "0:00:09"]

1. e4 e5 2. Nc3 Nf6 3. Bc4 Nc6 4. d3 Na5 5. Qf3 Nxc4 6. dxc4 Bb4 7. Ne2 O-O 8. Bg5 Be7 9. O-O-O d6 10. c5 Be6 11. h3 b6 12. cxd6 cxd6 13. Ng3 g6 14. Qd3 Rc8 15. Bxf6 Bxf6 16. Qxd6 Bg5+ 17. Kb1 Qf6 18. Rhf1 Rc5 19. Nd5 Qg7 20. Ne7+ Kh8 21. c3 h5 22. Ne2 Re8 23. Nc6 a5 24. f4 exf4 25. Nxf4 Bc4 26. Rf2 Rxe4 27. g3 Kh7 28. Ne7 Bxe7 29. Qd2 Rce5 30. h4 Bc5 31. Rg2 Be3 32. Qd8 Bxf4 33. gxf4 Re2 34. Rxe2 Rxe2 35. Qxb6 a4 36. Qd4 Qxd4 37. Rxd4 Re4 38. Rxe4 Bd3+ 39. Kc1 Bxe4 40. b4 axb3 41. axb3 Kg7 42. Kd2 Kf6 43. Ke3 Bc2 44. b4 Ke6 45. c4 Bb3 46. Kd4 f6 47. b5 Ba4 48. Kc5 g5 49. b6 Kd7 50. fxg5 fxg5 51. hxg5 h4 52. g6 Bc2 53. g7 Bh7 54. Kb5 Kc8 55. c5 h3 56. c6 h2 57. Ka6 h1=Q 58. b7+ Kc7 59. Ka7 Qa1# 0-1


[Site "https://www.chess.com"]

[Event "Titled Tuesday Blitz May 2 Early 2023"]
[White "Davtyan, David Arm."]
[Black "Lenaerts, Lennert"]
[WhiteFideId "13310046"]
[BlackFideId "211435"]
[WhiteElo "2274"]
[BlackElo "2334"]
[Result "0-1"]
[Round "08"]
[TimeControl "180+2"]
[Date "2023.05.02"]
[WhiteClock "0:00:16"]
[BlackClock "0:01:33"]

1. e4 e5 2. Nf3 Nc6 3. Nc3 Nf6 4. Be2 d5 5. exd5 Nxd5 6. Bb5 Nxc3 7. bxc3 Bd6 8. d4 exd4 9. cxd4 O-O 10. O-O h6 11. h3 Qf6 12. c3 Bf5 13. Bd3 Ne7 14. Rb1 b6 15. Re1 Rad8 16. Qc2 Bxd3 17. Qxd3 Qg6 18. Qxg6 Nxg6 19. Be3 Rfe8 20. c4 Bf4 21. g3 Bxe3 22. fxe3 Ne7 23. g4 Nc6 24. Kf2 Re4 25. Nd2 Re7 26. Kf3 Ne5+ 27. Ke2 Nc6 28. Kf3 Rde8 29. Kf2 g6 30. Rbc1 Kg7 31. c5 Na5 32. cxb6 axb6 33. Nc4 Nc6 34. Nxb6 Nb4 35. Nc4 Nd3+ 36. Kf3 Nxc1 37. Rxc1 Ra8 38. a3 Ra4 39. Ke2 f5 40. Kd3 fxg4 41. hxg4 h5 42. gxh5 gxh5 43. Rg1+ Kh6 44. e4 Rg7 45. Rf1 Rg3+ 0-1


[Site "https://www.chess.com"]

[Event "Titled Tuesday Blitz May 2 Early 2023"]
[White "Mendez Fortes, Eduardo Jesus"]
[Black "Pourkashiyan, Atousa"]
[WhiteFideId "3502376"]
[BlackFideId "12502014"]
[WhiteElo "2307"]
[BlackElo "2228"]
[Result "1/2-1/2"]
[Round "08"]
[TimeControl "180+2"]
[Date "2023.05.02"]
[WhiteClock "0:01:26"]
[BlackClock "0:00:13"]

1. e4 c5 2. Nf3 e6 3. d4 cxd4 4. Nxd4 a6 5. c4 Nf6 6. Nc3 Qc7 7. Be2 Bb4 8. Qd3 Nc6 9. O-O O-O 10. Nf3 d6 11. Bg5 Nd7 12. Rfd1 Nce5 13. Nxe5 Nxe5 14. Qg3 f6 15. Bf4 Nxc4 16. Bxc4 Qxc4 17. Bxd6 Bxd6 18. Qxd6 Qc6 19. Qxc6 bxc6 20. Na4 Rb8 21. b3 Rb4 22. Nc5 e5 23. Rac1 a5 24. Rd6 f5 25. f3 fxe4 26. Nxe4 Bf5 27. Ng3 a4 28. bxa4 Rxa4 29. Rd2 Ra6 30. Rc5 Bb1 31. Rxe5 Bxa2 32. Nf5 Bd5 33. Ne7+ Kh8 34. Nxd5 cxd5 35. Rexd5 Raf6 36. Kf2 h6 37. Kg3 Kh7 38. h4 Rg6+ 39. Kh3 Rgf6 40. R2d3 Rf5 41. Rd7 R8f7 42. R7d6 R5f6 43. R6d4 Rf4 44. Re4 Rxe4 45. fxe4 Re7 46. Re3 Kg6 47. Kg4 Kf6 48. Kf4 g5+ 49. hxg5+ hxg5+ 50. Kg4 Ke5 51. Re2 Rg7 52. g3 Rg8 53. Kh5 g4 54. Kh6 Rc8 55. Kg6 Rg8+ 56. Kf7 Rh8 57. Kg6 Rh3 58. Re3 Rh8 59. Kg5 Rg8+ 60. Kh4 Rg7 61. Re1 Rg8 62. Rf1 Kxe4 63. Rf4+ Ke5 64. Ra4 Kf5 65. Ra5+ Kg6 66. Kxg4 Rd8 67. Ra6+ Kg7 68. Kh4 Rd4+ 69. Kg5 Rd5+ 70. Kh4 Rd4+ 71. g4 Rd5 72. Ra8 Rb5 73. Kg3 Rb4 74. Kf3 Rc4 75. Kg3 Kg6 76. Kh4 Rb4 77. Ra7 Rb5 78. Ra6+ Kg7 79. g5 Rb1 80. Ra7+ Kg6 81. Ra6+ Kg7 82. Ra7+ Kg6 83. Ra6+ Kg7 1/2-1/2


[Site "https://www.chess.com"]

[Event "Titled Tuesday Blitz May 2 Early 2023"]
[White "Dinu, Dumitru-Daniel"]
[Black "Girya, Olga"]
[WhiteFideId "1208403"]
[BlackFideId "4195752"]
[WhiteElo "2240"]
[BlackElo "2263"]
[Result "1/2-1/2"]
[Round "08"]
[TimeControl "180+2"]
[Date "2023.05.02"]
[WhiteClock "0:00:08"]
[BlackClock "0:00:04"]

1. e4 e5 2. Nf3 Nc6 3. Bb5 a6 4. Ba4 Nf6 5. d3 Bc5 6. Nc3 d6 7. Bg5 h6 8. Bh4 b5 9. Bb3 Be6 10. Nd5 g5 11. Bg3 Bxd5 12. exd5 Nd4 13. Nxd4 Bxd4 14. c3 Bb6 15. a4 Rb8 16. axb5 axb5 17. h4 g4 18. Qe2 h5 19. d4 O-O 20. dxe5 dxe5 21. O-O-O Re8 22. Qd2 Nd7 23. d6 Nc5 24. Bd5 Qxd6 25. Qg5+ Kf8 26. Qxh5 Qg6 27. Qh8+ Qg8 28. Qh6+ Qg7 29. Qc6 Rbd8 30. h5 Rd6 31. Qxb5 Red8 32. c4 c6 33. Qxb6 cxd5 34. Qxc5 Qg5+ 35. Kb1 Kg8 36. Rxd5 Qf5+ 37. Kc1 Rxd5 38. cxd5 Rc8 39. Qxc8+ Qxc8+ 40. Kb1 Qc4 41. Rd1 Qe4+ 42. Kc1 Qc4+ 43. Kb1 Qe2 44. Kc1 Qc4+ 45. Kb1 1/2-1/2


[Site "https://www.chess.com"]

[Event "Titled Tuesday Blitz May 2 Early 2023"]
[White "Orlov, Georgi"]
[Black "Ljukin, Sergei"]
[WhiteFideId "2011271"]
[BlackFideId "14102200"]
[WhiteElo "2453"]
[BlackElo "2312"]
[Result "1-0"]
[Round "08"]
[TimeControl "180+2"]
[Date "2023.05.02"]
[WhiteClock "0:01:04"]
[BlackClock "0:00:04"]

1. d4 d5 2. Nf3 Nf6 3. c4 c6 4. e3 e6 5. Nc3 Nbd7 6. Bd3 dxc4 7. Bxc4 b5 8. Bd3 a6 9. e4 c5 10. e5 cxd4 11. Nxb5 axb5 12. exf6 gxf6 13. Be4 Bc5 14. O-O Rb8 15. Nxd4 Qb6 16. Nb3 Bd6 17. Be3 Qc7 18. g3 f5 19. Rc1 fxe4 20. Rxc7 Bxc7 21. Qd4 Be5 22. Qxe4 Bxb2 23. Rd1 O-O 24. Bf4 Rb7 25. Bh6 Re8 26. Na5 Rc7 27. Qg4+ Kh8 28. Qf4 Rc2 29. Qxf7 Rg8 30. Rxd7 1-0


[Site "https://www.chess.com"]

[Event "Titled Tuesday Blitz May 2 Early 2023"]
[White "Womacka, Mathias"]
[Black "Ismagilov, Damir"]
[WhiteFideId "4611390"]
[BlackFideId "34199982"]
[WhiteElo "2377"]
[BlackElo "2078"]
[Result "1-0"]
[Round "08"]
[TimeControl "180+2"]
[Date "2023.05.02"]
[WhiteClock "0:00:53"]
[BlackClock "0:00:58"]

1. e4 e6 2. d4 d5 3. Nd2 c5 4. exd5 Qxd5 5. Ngf3 cxd4 6. Bc4 Qd6 7. O-O Nf6 8. Nb3 Nc6 9. Nbxd4 Nxd4 10. Nxd4 a6 11. Re1 Qc7 12. Bf1 Bd6 13. Nf5 Bxh2+ 14. Kh1 Kf8 15. g3 exf5 16. Bf4 Qc6+ 17. Bg2 Qb6 18. Qd6+ Qxd6 19. Bxd6+ Kg8 20. Kxh2 h5 21. Re7 h4 22. Kg1 h3 23. Bxb7 Bxb7 24. Rxb7 h2+ 25. Kg2 Ne4 26. Ba3 Nxf2 27. Kxf2 h1=Q 28. Rxh1 Rxh1 29. c4 Rc1 30. c5 Re8 31. Rb6 Rc2+ 32. Kf3 g5 33. Rxa6 Re4 34. g4 fxg4+ 35. Kxe4 g3 36. Rd6 g2 37. Rd1 Rf2 38. Rg1 g4 39. c6 f5+ 40. Kd3 1-0


[Site "https://www.chess.com"]

[Event "Titled Tuesday Blitz May 2 Early 2023"]
[White "Iskusnyh, Sergei"]
[Black "Khromkin, Andrey"]
[WhiteFideId "4120027"]
[BlackFideId "4154126"]
[WhiteElo "2492"]
[BlackElo "2191"]
[Result "1-0"]
[Round "08"]
[TimeControl "180+2"]
[Date "2023.05.02"]
[WhiteClock "0:00:12"]
[BlackClock "0:00:08"]

1. d4 d5 2. c4 dxc4 3. e3 e5 4. Bxc4 exd4 5. exd4 Bd6 6. Nf3 Nf6 7. O-O O-O 8. Nc3 Nc6 9. Bg5 h6 10. Bh4 Bg4 11. a3 Bxf3 12. Qxf3 Nxd4 13. Qxb7 Nf5 14. Bxf6 Qxf6 15. Ne4 Qe5 16. Ng3 Rab8 17. Qxa7 Nxg3 18. hxg3 Bc5 19. Qa6 Rxb2 20. Ra2 Rxa2 21. Bxa2 Qxg3 22. a4 Qf4 23. Qc4 Bd4 24. a5 Rb8 25. Bb3 Rb4 26. Qd5 c6 27. Qd8+ Kh7 28. Bc2+ g6 29. Qe7 Be5 30. g3 Qf6 31. Qxb4 Bd4 32. Qb3 c5 33. Kg2 Qc6+ 34. Qf3 1-0


[Site "https://www.chess.com"]

[Event "Titled Tuesday Blitz May 2 Early 2023"]
[White "Bayasgalan, Khishigbaatar"]
[Black "Ezat, Mohamed"]
[WhiteFideId "4904311"]
[BlackFideId "10600906"]
[WhiteElo "2057"]
[BlackElo "2386"]
[Result "1-0"]
[Round "08"]
[TimeControl "180+2"]
[Date "2023.05.02"]
[WhiteClock "0:00:04"]
[BlackClock "0:00:10"]

1. d4 Nf6 2. c4 d6 3. Nc3 g6 4. e4 Bg7 5. f4 O-O 6. Nf3 c5 7. d5 e6 8. Be2 exd5 9. exd5 Re8 10. O-O Bg4 11. Bd3 a6 12. h3 Bxf3 13. Qxf3 Qa5 14. f5 Nbd7 15. Bf4 Ne5 16. Bxe5 Rxe5 17. fxg6 fxg6 18. Rae1 Rxe1 19. Rxe1 Nd7 20. Re6 Ne5 21. Qe2 Rd8 22. h4 b5 23. cxb5 axb5 24. Bxb5 Qb4 25. h5 Qh4 26. hxg6 hxg6 27. Qf2 Qh6 28. Be2 Rf8 29. Qg3 Qc1+ 30. Kh2 Qxb2 31. Rxd6 Nf7 32. Rxg6 Ng5 33. Rxg5 Rf7 34. d6 Kf8 35. Bc4 Rd7 36. Rf5+ Ke8 37. Qe3+ Kd8 38. Qg5+ Kc8 39. Be6 Kb7 40. Bxd7 Bd4 41. Bc6+ Kb6 42. Qe7 Ka5 43. Qc7+ Kb4 44. Qb6+ Kxc3 45. Qxb2+ Kxb2 46. d7 Be5+ 47. Rxe5 c4 48. d8=Q c3 49. Qb6+ Kc1 50. Re1+ Kc2 51. Qb5 Kd2 52. Qe2# 1-0


[Site "https://www.chess.com"]

[Event "Titled Tuesday Blitz May 2 Early 2023"]
[White "Todorovic, Bojan"]
[Black "Berezin, Viktor"]
[WhiteFideId "917087"]
[BlackFideId "14107872"]
[WhiteElo "2266"]
[BlackElo "2310"]
[Result "1-0"]
[Round "08"]
[TimeControl "180+2"]
[Date "2023.05.02"]
[WhiteClock "0:01:06"]
[BlackClock "0:01:01"]

1. d4 Nf6 2. c4 g6 3. Nc3 Bg7 4. e4 O-O 5. Be2 d6 6. Nf3 Nc6 7. O-O e5 8. d5 Ne7 9. Ne1 Ne8 10. Be3 f5 11. f3 f4 12. Bf2 g5 13. c5 h5 14. Rc1 Rf7 15. Nb5 a6 16. Na3 Bf8 17. Nc4 Rg7 18. cxd6 Nxd6 19. Nxe5 Ng6 20. Nxg6 Rxg6 21. Nd3 Bg7 22. Qc2 Nb5 23. Qc4 c6 24. dxc6+ Be6 25. Qa4 Nd4 26. Bxd4 Bxd4+ 27. Kh1 b5 28. Qa3 Qc7 29. Nb4 g4 30. Nd5 Bxd5 31. exd5 Re8 32. Qd3 Qg7 33. c7 Rc8 34. Qf5 1-0


[Site "https://www.chess.com"]

[Event "Titled Tuesday Blitz May 2 Early 2023"]
[White "Danielyan, Vahe"]
[Black "Makhmudov, Shukhrat"]
[WhiteFideId "13304828"]
[BlackFideId "14200775"]
[WhiteElo "2423"]
[BlackElo "2135"]
[Result "0-1"]
[Round "08"]
[TimeControl "180+2"]
[Date "2023.05.02"]
[WhiteClock "0:00:01"]
[BlackClock "0:00:13"]

1. d4 Nf6 2. c4 e6 3. Nf3 d5 4. Nc3 Bb4 5. Bg5 h6 6. Bxf6 Qxf6 7. e3 O-O 8. Rc1 Nc6 9. Be2 dxc4 10. Bxc4 e5 11. O-O Bxc3 12. bxc3 Bg4 13. Bd5 exd4 14. cxd4 Nb4 15. Bxb7 Rab8 16. Rxc7 Qb6 17. Qc1 Rxb7 18. Rxb7 Qxb7 19. Qb2 Qe7 20. Ne5 Be6 21. Qa3 Re8 22. Rb1 Nxa2 23. Qa6 Qc7 24. g3 Bd5 25. Ra1 f6 26. Nd3 Qe7 27. Qa5 Qe4 28. f3 Qxe3+ 29. Nf2 Qxf3 0-1


[Site "https://www.chess.com"]

[Event "Titled Tuesday Blitz May 2 Early 2023"]
[White "Kleiman, Jake"]
[Black "Ng, Gary"]
[WhiteFideId "2020041"]
[BlackFideId "2604914"]
[WhiteElo "2399"]
[BlackElo "2213"]
[Result "1-0"]
[Round "08"]
[TimeControl "180+2"]
[Date "2023.05.02"]
[WhiteClock "0:00:47"]
[BlackClock "0:00:01"]

1. e4 c6 2. Nf3 d5 3. Nc3 Bg4 4. h3 Bxf3 5. Qxf3 d4 6. Nb1 e5 7. Bc4 Qf6 8. Qe2 Nd7 9. a4 Ne7 10. d3 Ng6 11. g3 h5 12. h4 Bb4+ 13. Nd2 Ngf8 14. Kf1 Ne6 15. Nf3 a5 16. Bg5 Qg6 17. Kg2 Be7 18. Bxe6 Qxe6 19. Bxe7 Qxe7 20. c3 c5 21. Nd2 Nb6 22. Ra3 g6 23. Rha1 O-O 24. Rb3 Ra6 25. Rb5 Qc7 26. Rc1 Qc6 27. cxd4 exd4 28. Rcxc5 Qe6 29. b3 f5 30. Re5 Qc6 31. Rbc5 Qd6 32. exf5 gxf5 33. Rxf5 Rxf5 34. Rxf5 Nd7 35. Qxh5 1-0


[Site "https://www.chess.com"]